 Dungeon Crawl Stone Soup version 0.16-a0-3667-g690a316 (webtiles) character file.

184 Vlagh999 the Ruffian (level 5, -2/41 HPs)
             Began as a Bearkin Berserker on July 28, 2015.
             Was a Believer of Trog.
             Slain by a gnoll
             ... wielding a +0 hand axe
              (8 damage)
             ... on level 3 of the Dungeon.
             The game lasted 00:04:32 (2011 turns).

Vlagh999 the Ruffian (Bearkin Berserker)            Turns: 2011, Time: 00:04:32

Health: -2/41      AC:  5    Str: 23    XL:     5   Next: 36%
Magic:  5/5        EV: 11    Int:  9    God:    Trog [**....]
Gold:   116        SH:  0    Dex: 10    Spells: 0 memorised, 4 levels left

rFire  . . .     SeeInvis .       - Unarmed
rCold  . . .     Clarity  .     g - +0 leather armour
rNeg   . . .     SustAb   .     (no shield)
rPois  .         Gourm    .     (no helmet)
rElec  .         Spirit   .     (no cloak)
rCorr  .         Warding  .     (no gloves)
rMut   .         Stasis   .     e - +0 pair of boots
MR     ++...                    (no amulet)
Stlth  +.........               (no ring)
                                j - +3 ring of intelligence

@: exhausted, regenerating, slowed, very slow, very resistant to hostile
enchantments, very unstealthy
A: claws 1, shaggy fur 1, hind claws 2, cornered berserk
a: Cornered Berserk, Burn Spellbooks, Berserk, Trog's Hand, Renounce Religion


You were on level 3 of the Dungeon.
You worshipped Trog.
Trog was pleased with you.
You were not hungry.

You visited 1 branch of the dungeon, and saw 3 of its levels.

You collected 116 gold pieces.

Inventory:

Missiles
 h - a throwing net (quivered)
 p - 6 poisoned needles
 v - 2 tomahawks of returning
Armour
 e - a +0 pair of boots (worn)
 g - a +0 leather armour (worn)
 o - a +1 scale mail of poison resistance
 t - a +0 buckler
Jewellery
 j - a +3 ring of intelligence (left claw)
 s - a +1 ring of protection {unknown}
Scrolls
 b - 2 scrolls of remove curse {unknown}
 k - a scroll of identify {unknown}
 l - 2 scrolls of teleportation {unknown}
 q - a scroll of enchant armour {unknown}
Potions
 a - 2 potions of heal wounds {unknown}
 c - 2 potions of cure mutation {unknown}
 f - 4 potions of curing {unknown}
 i - a potion of invisibility {unknown}
 m - a potion of resistance {unknown}
 n - a potion of degeneration {unknown}
 r - 2 potions of ambrosia {unknown}
Comestibles
 d - 2 meat rations
 u - a bread ration


   Skills:
 - Level 3.0 Fighting
 - Level 1.2 Armour
 - Level 1.5 Dodging
 + Level 6.1 Unarmed Combat


You had 4 spell levels left.
You didn't know any spells.

Dungeon Overview and Level Annotations

Branches:
Dungeon (3/15)

Altars:
Elyvilon


Innate Abilities, Weirdness & Mutations

You have sharp fingernails.
You are covered in fur (AC +1).
Your hind legs have sharp claws.
You can berserk when greatly wounded.


Message History

Your claw misses the gnoll.
The gnoll is lightly wounded.
The gnoll barely misses you.
You scratch the gnoll.
The gnoll is moderately wounded.
The gnoll hits you with a hand axe!
* * * LOW HITPOINT WARNING * * *
You scratch the gnoll but do no damage. You claw the gnoll, but do no damage.
The gnoll is moderately wounded.
The gnoll hits you with a hand axe!
* * * LOW HITPOINT WARNING * * *
Use which ability? (? or * to list) You're too exhausted to go berserk.
Use which ability? (? or * to list)
Your skin crawls.
You feel resistant to hostile enchantments.
You feel slightly more hungry. The gnoll hits you but does no damage.
The gnoll shouts!
The gnoll hits you with a hand axe!
You die...

#.#.# ..#.# #.# #.#.#
#####.#.# #.# #.#.# #.....#.#
#.# #.#.## #.......# #.#
#<...####.......###########.#
#...........................#
......###......)#############
.....## ######)>.[.....%.
................@........
≈≈≈≈≈≈≈≈≈≈≈≈≈≈≈≈g...≈≈≈≈≈
≈≈≈≈≈≈≈≈≈≈≈≈≈≈≈≈....≈≈≈≈≈
####≈≈≈≈≈≈≈≈≈≈≈≈....≈≈≈≈
ggg#.. ................ ...#
#######''''#### #+ #....#
#.g..# #....#


You could see 2 gnolls.

Vanquished Creatures
  Sigmund (D:3)
  Jessica (D:2)
  Terence (D:2)
  2 adders (D:3)
  2 gnolls (D:3)
  A giant gecko (D:1)
  An orc (D:3)
  9 bats
  2 giant cockroaches (D:1)
  5 goblins
  3 hobgoblins (D:1)
  7 jackals (D:3)
  2 oozes
  2 giant newts (D:1)
  3 kobolds (D:1)
  4 rats
46 creatures vanquished.

Notes
Turn   | Place    | Note
--------------------------------------------------------------
     0 | D:1      | Vlagh999, the Bearkin Berserker, began the quest for the Orb.
     0 | D:1      | Reached XP level 1. HP: 18/18 MP: 1/1
   212 | D:1      | Reached XP level 2. HP: 24/24 MP: 2/2
   354 | D:1      | Acquired Trog's second power
   411 | D:1      | Reached skill level 4 in Unarmed Combat
  1074 | D:2      | Found a white marble altar of Elyvilon.
  1109 | D:2      | Reached XP level 3. HP: 29/29 MP: 3/3
  1219 | D:2      | Noticed Terence
  1226 | D:2      | Killed Terence
  1464 | D:2      | Noticed Jessica
  1473 | D:2      | Killed Jessica
  1789 | D:3      | Gained mutation: Your hind legs have sharp claws. [bearkin transformation]
  1789 | D:3      | Reached XP level 4. HP: 35/35 MP: 4/4
  1802 | D:3      | Reached skill level 5 in Unarmed Combat
  1811 | D:3      | Noticed Sigmund
  1820 | D:3      | Killed Sigmund
  1820 | D:3      | Reached XP level 5. HP: 41/41 MP: 5/5
  1970 | D:3      | Reached skill level 6 in Unarmed Combat
  2011 | D:3      | Slain by a gnoll

Action                   |  1- 3 |  4- 6 || total
-------------------------+-------+-------++-------
Melee: Unarmed           |   106 |    40 ||   146
Throw: Throwing net      |     1 |       ||     1
Invok: Berserk           |     1 |     2 ||     3
       Trog's Hand       |     1 |     2 ||     3
  Eat: Chunk             |     1 |     1 ||     2
       Bread ration      |     1 |       ||     1
